 Dungeon Crawl Stone Soup version 0.31-a0-202-g547052bce9 (webtiles) character file.

Game seed: 5219719866153152862

12597 qw the Markself (level 11, -3/64 HPs)
             Began as a Deep Elf Hunter on June 26, 2023.
             Was an Elder of Okawaru.
             Slain by a catoblepas (28 damage)
             ... on level 2 of the Lair of Beasts.
             The game lasted 00:02:55 (7861 turns).

qw the Markself (Deep Elf Hunter)                   Turns: 7861, Time: 00:02:55

Health: -3/64      AC: 12    Str: 12    XL:     11   Next: 64%
Magic:  18/19      EV: 23    Int: 15    God:    Okawaru [****..]
Gold:   335        SH:  0    Dex: 18    Spells: 10/10 levels left

rFire   . . .        m - +0 arbalest (flame)
rCold   . . .        (shield currently unavailable)
rNeg    . . .        e - +0 ring mail {rPois}
rPois   +            (no helmet)
rElec   .            (no cloak)
rCorr   .            (no gloves)
SInv    .            d - +0 pair of boots
Will    +....        (no amulet)
Stlth   +++          i - +5 ring of evasion
HPRegen 0.30/turn    k - +4 ring of protection
MPRegen 0.16/turn

%: no passive effects
@: heroic
A: no striking features
a: Renounce Religion, Heroism, Finesse


You were on level 2 of the Lair of Beasts.
You worshipped Okawaru.
Okawaru was greatly pleased with you.
You visited 3 branches of the dungeon, and saw 11 of its levels.

You collected 485 gold pieces.
You spent 150 gold pieces at shops.


   Skills:
 - Level 6.0(11.0) Fighting
 - Level 18.0(23.0) Ranged Weapons
 - Level 2.4(7.4) Armour
 + Level 8.0(13.0) Dodging
 - Level 1.2(6.2) Stealth
 + Level 9.0 Invocations


You had 10 spell levels left.
You didn't know any spells.
Your spell library was empty.

Inventory:

Hand Weapons
 m - a +0 arbalest of flaming (weapon)
Armour
 d - a +0 pair of boots (worn)
 e - a +0 ring mail of poison resistance (worn)
 g - a +2 robe of fire resistance
Jewellery
 i - a +5 ring of evasion (left hand)
 k - a +4 ring of protection (right hand)
Wands
 l - a wand of digging (11)
Scrolls
 a - a scroll of silence {unknown}
 b - 3 scrolls of teleportation
 c - 6 scrolls of identify
Potions
 f - a potion of mutation
 h - 2 potions of curing
 j - 2 potions of cancellation
 s - a potion of haste

Dungeon Overview and Level Annotations

Branches:
Dungeon (8/15)             Temple (1/1) D:4            Lair (2/5) D:8
  Swamp: Lair:2-3    Shoals: Lair:2-3     Snake: Lair:2-3    Spider: Lair:2-3

Altars:
Ashenzari
Cheibriados
Dithmenos
Elyvilon
Fedhas
Gozag
Hepliaklqana
Kikubaaqudgha
Makhleb
Nemelex Xobeh
Okawaru
Qazlal
Sif Muna
Trog
Uskayaw
Vehumet
Wu Jian
Xom
Zin
The Shining One

Shops:
D:6 *   D:8 ?

Annotations:
D:7 1 runed translucent door, qw's ghost, novice DEHu


Message History

7852 ||| Stepping ~*~*~tactically~*~*~ (cloud).
The catoblepas breathes a plume of calcifying dust at you.
The blast of calcifying dust hits the fungus!
The fungus begins to die.
The blast of calcifying dust hits you.
7855 ||| Stepping ~*~*~tactically~*~*~ (cloud).
The fungus is engulfed in calcifying dust.
Enter note:
Enter note:
Enter note:
Enter note:
Enter note:
Enter note:
Enter note:
Enter note:
Enter note:
Enter note:
Enter note:
Enter note:
Enter note:
Enter note:
Enter note: You shoot a bolt.
The bolt hits the catoblepas but does no damage.
The fungus is engulfed in calcifying dust.
The fungus turns to stone!
The catoblepas breathes a plume of calcifying dust at you.
The blast of calcifying dust hits you.
7857 ||| Stepping ~*~*~tactically~*~*~ (cloud).
The fungus is engulfed in calcifying dust.
A nearby fungus withers and dies.
You shoot a bolt.
The bolt hits the catoblepas but does no damage.
You shoot a bolt.
The bolt hits the catoblepas but does no damage.
The catoblepas breathes in.
The catoblepas gores you!!
You shoot a bolt.
The bolt hits the catoblepas but does no damage.
The catoblepas gores you!!
You die...

# ... #....# ###.## # #..#
#.... #...## ####...# #....
###..# ........ ##...#
####...##
.........#P....###.#...P#
%..............#.##...###
%%...........¤..#....####..
%...###........Y....PP.P...#
...## .......¤@<.......#.#
..## .................# ...#
#........¤.....### .P##
#.........¤....# ..#
##.....##..¤.### .## #.....
#.....# .# #....## #.#...#
.. ##... ##P..# ..


You could see a catoblepas.

Vanquished Creatures
  Gastronok (D:8)
  A hydra (Lair:2)
  Erica (D:8)
  Pikel (D:8)
  5 cane toads
  A komodo dragon (Lair:1)
  2 rime drakes
  11 blink frogs
  A wyvern (Lair:2)
  12 yaks
  2 vampire mosquitoes (D:7)
  4 water moccasins
  2 ice beasts
  An orc warrior (D:8)
  A sky beast (D:6)
  3 black bears
  4 ogres
  2 phantoms
  A lemure (D:8)
  3 kobold brigands
  10 bullfrogs
  2 scorpions
  5 wights (D:8)
  A howler monkey (D:6)
  A jelly (D:8)
  2 hounds
  5 iguanas
  3 orc priests
  3 sleepcaps
  4 orc wizards
  4 gnolls (D:5)
  An adder (D:3)
  A white imp (D:5)
  A dart slug (D:1)
  27 orcs
  3 ball pythons (D:4)
  8 endoplasms
  3 giant cockroaches
  7 goblins
  8 hobgoblins
  3 jackals (D:2)
  3 quokkas
  6 bats
  4 frilled lizards
  25 kobolds
  3 rats
202 creatures vanquished.

Vanquished Creatures (others)
  A blink frog (Lair:2)
1 creature vanquished.

Grand Total: 203 creatures vanquished

Notes
Turn   | Place    | Note
-------+----------+-------------------------------------------
     0 | D:1      | qw the Deep Elf Hunter began the quest for the Orb.
     0 | D:1      | Reached XP level 1. HP: 12/12 MP: 3/3
     0 | D:1      | 0 ||| qw: Version: 0.3-a-22-g0ed2b0b
     0 | D:1      | 0 ||| qw: Game counter: 5880
     0 | D:1      | 0 ||| qw: Melee chars always use a shield: true
     0 | D:1      | 0 ||| qw: God list: Okawaru
     0 | D:1      | 0 ||| qw: Allow faded altars: false
     0 | D:1      | 0 ||| qw: Do Orc after clearing Dungeon:15 true
     0 | D:1      | 0 ||| qw: Do second Lair branch before Depths: true
     0 | D:1      | 0 ||| qw: Lair rune preference: random
     0 | D:1      | 0 ||| qw: Goals: Normal
     0 | D:1      | 0 ||| PLANNING D:1-11
     1 | D:1      | Noticed an electric eel
     5 | D:1      | 5 ||| DROPPING scroll of butterflies.
   167 | D:1      | Reached XP level 2. HP: 16/16 MP: 4/4
   260 | D:1      | Reached skill level 6 in Ranged Weapons
   531 | D:1      | 531 ||| UPGRADING to +0 pair of boots.
   536 | D:1      | 536 ||| UPGRADING to +0 leather armour of positive energy.
   546 | D:1      | 546 ||| DROPPING +0 leather armour.
   547 | D:1      | 547 ||| UPGRADING to +0 ring mail.
   557 | D:1      | 557 ||| DROPPING +0 leather armour of positive energy.
   558 | D:1      | 558 ||| UPGRADING to +5 ring of evasion.
   559 | D:1      | 559 ||| READING 2 scrolls labelled SIXZYG QAHIUT.
   560 | D:1      | 560 ||| READING 2 scrolls labelled ZYESEDWEOKH.
   561 | D:1      | 561 ||| READING scroll labelled ANECZUX IHIMUVAWK.
   562 | D:1      | 562 ||| DROPPING scroll of amnesia.
   712 | D:2      | Reached XP level 3. HP: 18/20 MP: 5/5
  1092 | D:2      | Reached skill level 7 in Ranged Weapons
  1127 | D:2      | 1127 ||| UPGRADING to +0 ring mail of poison resistance.
  1137 | D:2      | 1137 ||| DROPPING +0 ring mail.
  1138 | D:2      | 1138 ||| UPGRADING to +6 ring of strength.
  1139 | D:2      | 1139 ||| READING 3 scrolls labelled KISHRAQ SY YHAU.
  1140 | D:2      | 1140 ||| READING scroll labelled SYL VIORAXA.
  1141 | D:2      | 1141 ||| READING 2 scrolls of identify.
  1141 | D:2      | 1141 ||| IDENTIFYING clear potion
  1302 | D:3      | Found a radiant altar of Vehumet.
  1458 | D:3      | Noticed a water moccasin
  1464 | D:3      | Killed a water moccasin
  1465 | D:3      | Reached skill level 8 in Ranged Weapons
  1465 | D:3      | Reached XP level 4. HP: 25/25 MP: 6/6
  1465 | D:3      | Reached XP level 5. HP: 29/29 MP: 7/7
  1469 | D:3      | You fall into a shaft and drop 3 floors!
  1487 | D:6      | Reached skill level 9 in Ranged Weapons
  1542 | D:6      | Noticed an ogre
  1546 | D:6      | Killed an ogre
  1547 | D:6      | Reached XP level 6. HP: 36/36 MP: 8/8
  1561 | D:6      | Noticed a water moccasin
  1572 | D:6      | Killed a water moccasin
  1600 | D:6      | Found a stormy altar of Qazlal.
  1600 | D:6      | Noticed a sky beast
  1607 | D:6      | HP: 9/36 [something (6)]
  1609 | D:6      | Killed a sky beast
  1746 | D:6      | Noticed an ice beast
  1752 | D:6      | Killed an ice beast
  1753 | D:6      | Reached skill level 10 in Ranged Weapons
  1753 | D:6      | Reached XP level 7. HP: 40/40 MP: 9/9
  1947 | D:6      | 1947 ||| UPGRADING to +4 ring of protection.
  1949 | D:6      | 1949 ||| DROPPING +6 ring of strength.
  1950 | D:6      | 1950 ||| READING scroll labelled QIROWI HEKKIENLEH.
  1951 | D:6      | 1951 ||| READING 2 scrolls labelled ZOSIASHYPH.
  1988 | D:6      | Reached skill level 1 in Armour
  1992 | D:6      | 1992 ||| READING 2 scrolls of identify.
  1992 | D:6      | 1992 ||| IDENTIFYING glowing blue potion
  1993 | D:6      | 1993 ||| DROPPING potion of attraction.
  2052 | D:5      | Entered Level 5 of the Dungeon
  2139 | D:5      | Reached skill level 11 in Ranged Weapons
  2523 | D:4      | Reached XP level 8. HP: 36/45 MP: 10/10
  2634 | D:4      | Reached skill level 12 in Ranged Weapons
  2636 | D:4      | Found a staircase to the Ecumenical Temple.
  2637 | D:4      | 2637 ||| PLANNING TEMPLE
  2637 | D:4      | 2637 ||| READING scroll labelled BIMEIL AXEIRUS.
  2647 | Temple   | Entered the Ecumenical Temple
  2650 | Temple   | 2650 ||| PLANNING OKAWARU WORSHIP
  2718 | Temple   | Became a worshipper of Warmaster Okawaru
  2719 | Temple   | 2719 ||| PLANNING D:1-11
  3059 | D:4      | 3059 ||| READING 2 scrolls of identify.
  3059 | D:4      | 3059 ||| IDENTIFYING green potion
  3104 | D:5      | Reached skill level 3 in Fighting
  3121 | D:5      | 3121 ||| Stepping ~*~*~tactically~*~*~ (outnumbered).
  3179 | D:5      | 3179 ||| FLEEEEING.
  3180 | D:5      | 3180 ||| FLEEEEING.
  3181 | D:5      | 3181 ||| FLEEEEING.
  3182 | D:5      | 3182 ||| FLEEEEING.
  3515 | D:5      | Reached skill level 13 in Ranged Weapons
  3560 | D:5      | Reached * piety under Okawaru
  3703 | D:5      | 3703 ||| READING scroll labelled VEWOTA MIEGIU.
  3844 | D:6      | Reached skill level 1 in Invocations
  3995 | D:6      | Found Podidyko's Overcharged Wands.
  4004 | D:6      | 4004 ||| SHOPLISTING wand of digging (11) (693 gold, have
                  | 240).
  4155 | D:6      | 4155 ||| DRINKING 2 yellow potions.
  4178 | D:7      | 4178 ||| INVOKING Heroism.
  4379 | D:7      | Found a runed translucent door.
  4380 | D:7      | Found a shimmering altar of Xom.
  4380 | D:7      | Noticed qw's ghost (novice DEHu)
  4381 | D:7      | Noticed a +0 flail of chaos
  4622 | D:7      | Found a sparkling altar of Nemelex Xobeh.
  4629 | D:7      | Found a snail-covered altar of Cheibriados.
  4637 | D:7      | Found a broken altar of Ashenzari.
  4644 | D:7      | Found a glowing silver altar of Zin.
  4652 | D:7      | Found a glowing golden altar of the Shining One.
  4660 | D:7      | Found an opulent altar of Gozag.
  4665 | D:7      | Found a shimmering altar of Xom.
  5072 | D:7      | Reached skill level 14 in Ranged Weapons
  5098 | D:7      | Found an ornate altar of the Wu Jian Council.
  5194 | D:7      | 5194 ||| DROPPING ring of ice.
  5195 | D:7      | 5195 ||| READING 4 scrolls labelled IKHLIP OTAMA.
  5196 | D:7      | 5196 ||| READING 3 scrolls of enchant weapon.
  5196 | D:7      | 5196 ||| ENCHANTING +0 heavy shortbow.
  5197 | D:7      | 5197 ||| READING 2 scrolls of enchant weapon.
  5197 | D:7      | 5197 ||| ENCHANTING +1 heavy shortbow.
  5198 | D:7      | 5198 ||| READING scroll of enchant weapon.
  5198 | D:7      | 5198 ||| ENCHANTING +2 heavy shortbow.
  5199 | D:7      | 5199 ||| READING scroll labelled OWKIOM IN DAK.
  5200 | D:7      | 5200 ||| READING scroll labelled UMESUTZUAWE.
  5201 | D:7      | 5201 ||| READING scroll labelled JAESYF ASIL.
  5202 | D:7      | 5202 ||| READING 4 scrolls of identify.
  5202 | D:7      | 5202 ||| IDENTIFYING silvery potion
  5203 | D:7      | 5203 ||| READING 3 scrolls of identify.
  5203 | D:7      | 5203 ||| IDENTIFYING white potion
  5235 | D:8      | 5235 ||| STAIRDANCE
  5237 | D:7      | 5237 ||| INVOKING Heroism.
  5241 | D:7      | Reached skill level 3 in Invocations
  5241 | D:7      | Reached XP level 9. HP: 35/51 MP: 9/13
  5408 | D:8      | 5408 ||| SWAPPING to +0 arbalest.
  5409 | D:8      | 5409 ||| DROPPING +3 heavy shortbow.
  5410 | D:8      | 5410 ||| READING 2 scrolls of brand weapon.
  5410 | D:8      | 5410 ||| BRANDING +0 arbalest.
  5411 | D:8      | 5411 ||| READING scroll of brand weapon.
  5411 | D:8      | 5411 ||| BRANDING +0 arbalest of freezing.
  5430 | D:8      | Noticed Erica
  5431 | D:8      | 5431 ||| INVOKING Heroism.
  5438 | D:8      | HP: 8/51 [Erica/bolt of poison (7)]
  5439 | D:8      | 5439 ||| DRINKING 2 potions of curing.
  5439 | D:8      | 5439 ||| (to cure confusion)
  5440 | D:8      | Killed Erica
  5457 | D:8      | 5457 ||| INVOKING Heroism.
  5460 | D:8      | Noticed Pikel
  5460 | D:8      | Noticed Gastronok
  5463 | D:8      | Killed Pikel
  5463 | D:8      | Reached ** piety under Okawaru
  5464 | D:8      | Reached skill level 15 in Ranged Weapons
  5468 | D:8      | HP: 11/51 [Gastronok/the air (14)]
  5469 | D:8      | 5469 ||| READING 3 scrolls of teleportation.
  5470 | D:8      | 5470 ||| DRINKING potion of heal wounds.
  5541 | D:8      | 5541 ||| INVOKING Heroism.
  5554 | D:8      | 5554 ||| FLEEEEING.
  5555 | D:8      | 5555 ||| INVOKING Heroism.
  5560 | D:8      | Killed Gastronok
  5560 | D:8      | Reached *** piety under Okawaru
  5561 | D:8      | Reached skill level 16 in Ranged Weapons
  5561 | D:8      | Reached XP level 10. HP: 57/57 MP: 12/15
  5577 | D:8      | Found Ebaiblet's Magic Scroll Emporium.
  5603 | D:8      | 5603 ||| BUYING scroll of identify (30 gold).
  5603 | D:8      | Bought a scroll of identify for 30 gold pieces
  5603 | D:8      | 5603 ||| BUYING scroll of identify (30 gold).
  5603 | D:8      | Bought a scroll of identify for 30 gold pieces
  5603 | D:8      | 5603 ||| BUYING scroll of teleportation (45 gold).
  5603 | D:8      | Bought a scroll of teleportation for 45 gold pieces
  5603 | D:8      | 5603 ||| BUYING scroll of teleportation (45 gold).
  5603 | D:8      | Bought a scroll of teleportation for 45 gold pieces
  5847 | D:8      | Reached skill level 6 in Dodging
  5875 | D:8      | Found a staircase to the Lair.
  5941 | D:8      | Reached skill level 17 in Ranged Weapons
  5985 | D:8      | 5985 ||| PLANNING LAIR
  6026 | Lair:1   | Entered Level 1 of the Lair of Beasts
  6046 | Lair:1   | Noticed a cane toad
  6047 | Lair:1   | 6047 ||| INVOKING Heroism.
  6052 | Lair:1   | Killed a cane toad
  6084 | Lair:1   | Identified the +1 halberd "Puid" {protect, Int+5}
  6162 | Lair:1   | Reached skill level 18 in Ranged Weapons
  6172 | Lair:1   | Reached **** piety under Okawaru
  6173 | Lair:1   | 6173 ||| INVOKING Heroism.
  6359 | Lair:1   | 6359 ||| INVOKING Heroism.
  6373 | Lair:1   | Reached skill level 6 in Invocations
  6408 | Lair:1   | 6408 ||| INVOKING Heroism.
  6463 | Lair:1   | 6463 ||| INVOKING Heroism.
  6467 | Lair:1   | Reached XP level 11. HP: 62/62 MP: 14/17
  6520 | Lair:1   | 6520 ||| INVOKING Heroism.
  6545 | Lair:1   | 6545 ||| INVOKING Heroism.
  7053 | Lair:2   | Noticed a five-headed hydra
  7054 | Lair:2   | 7054 ||| INVOKING Heroism.
  7057 | Lair:2   | Killed a five-headed hydra
  7137 | Lair:2   | 7137 ||| INVOKING Heroism.
  7142 | Lair:2   | HP: 10/63 [yak (8)]
  7143 | Lair:2   | 7143 ||| READING 4 scrolls of teleportation.
  7144 | Lair:2   | 7144 ||| DRINKING potion of heal wounds.
  7284 | Lair:2   | 7284 ||| INVOKING Heroism.
  7303 | Lair:2   | Reached ***** piety under Okawaru
  7532 | Lair:2   | 7532 ||| INVOKING Heroism.
  7567 | Lair:2   | 7567 ||| INVOKING Heroism.
  7644 | Lair:2   | 7644 ||| INVOKING Heroism.
  7649 | Lair:2   | Reached skill level 6 in Fighting
  7649 | Lair:2   | Reached skill level 9 in Invocations
  7850 | Lair:2   | Noticed a catoblepas
  7851 | Lair:2   | 7851 ||| INVOKING Heroism.
  7852 | Lair:2   | 7852 ||| Stepping ~*~*~tactically~*~*~ (cloud).
  7855 | Lair:2   | 7855 ||| Stepping ~*~*~tactically~*~*~ (cloud).
  7857 | Lair:2   | 7857 ||| Stepping ~*~*~tactically~*~*~ (cloud).
  7861 | Lair:2   | Slain by a catoblepas

Levels and vault maps discovered:
D:1:      arrival_aquarium_a, layout_rooms, st_stairs_14
D:2:      layout_loops_ring, chequers_hall_statues_wall_a,
          kennysheep_generic_room_9
D:3:      layout_basic, mainiacjoe_overflow_chevrons
D:4:      layout_loops_ring, minmay_temple_entry_sparse_star
D:5:      layout_loops_ring
D:6:      layout_layer_cave, nicolae_qazlal_beasts_of_the_sky,
          nicolae_shop_overcharged_wands
D:7:      layout_basic, nicolae_wu_jian_immortal_techniques,
          grunt_temple_overflow_octagram, ebering_ghost_xom
D:8:      layout_rooms, grunt_lair_entry_orc_guard_hut, serial_shops, shop,
          uniq_pikel, uniq_gastronok, uniq_erica
Temple:   eino_wide_crystal_templ
Lair:1:   layout_concentric_octagons
Lair:2:   layout_layer_cave, elwin_shoals_entry_stream

Skill      XL: |  1  2  3  4  5  6  7  8  9 10 11 |
---------------+----------------------------------+-----
Ranged Weapons | 6 8 9 10 11 14 16 18 | 18.0
Fighting       | 2 3 4 6 |  6.0
Dodging        | 4 5 7 8 |  8.0
Armour         | 1 2 |  2.4
Invocations    | 3 5 6 9 |  9.0
Stealth        | |  1.2

Action                     |  1- 3 |  4- 6 |  7- 9 | 10-12 || total
---------------------------+-------+-------+-------+-------++-------
   Fire: Shortbow          |   105 |    33 |   216 |       ||   354
         Arbalest          |       |       |    36 |   221 ||   257
 Invoke: Heroism           |       |       |     6 |    14 ||    20
    Use: Scroll            |     6 |       |    18 |     1 ||    25
         Potion            |       |       |     3 |     1 ||     4
 Armour: Ring mail         |    10 |     9 |    35 |    23 ||    77
  Dodge: Dodged            |    32 |    11 |    96 |   164 ||   303

Table legend:
 A = Non-vault XP
 B = Vault XP
 C = Vault XP percentage of total XP
 D = Non-vault monster count
 E = Vault monster count
 F = Vault count percentage of total count
                 A         B        C        D         E       F
            +---------+---------+-------+---------+---------+-------
      Total |   14256 |    3741 |  20.8 |     190 |      11 |   5.5
            +---------+---------+-------+---------+---------+-------
        D:1 |      23 |       2 |   8.0 |      14 |       1 |   6.7
        D:2 |      36 |       2 |   5.3 |      22 |       1 |   4.3
        D:3 |     176 |       0 |   0.0 |      11 |       0 |   0.0
        D:4 |     391 |       0 |   0.0 |      28 |       0 |   0.0
        D:5 |     674 |       0 |   0.0 |      21 |       0 |   0.0
        D:6 |     812 |     129 |  13.7 |      13 |       1 |   7.1
        D:7 |     803 |       0 |   0.0 |      16 |       0 |   0.0
        D:8 |     992 |    3608 |  78.4 |      25 |       8 |  24.2
     Lair:1 |    4893 |       0 |   0.0 |      22 |       0 |   0.0
     Lair:2 |    5456 |       0 |   0.0 |      18 |       0 |   0.0
            +---------+---------+-------+---------+---------+-------
